Workbook
Name Actividad: [1]ACTIVIDADES!$A$3:$B$27
Name Actividad: #REF!
Name Actividades: #REF!
Name CodActi: #REF!
Name Comprobantes: '[2]Tabla de Comprobantes'!$A$3:$A$65
Name Comprobantes: '[3]Tabla de Comprobantes'!$A$3:$A$65
Name Cuadrilla: '[1]Mano de Obra'!$A$2:$A$22
Name Cuadrilla: '[4]Mano de Obra'!$A$2:$A$25
Name Descripcion: [1]ACTIVIDADES!$B$3:$B$27
Name Descripcion: #REF!
Name detalle: [5]Materiales!$A$2:$A$219
Name detalle: [6]Materiales!$A$2:$A$219
Name Jornal: '[1]Mano de Obra'!$A$2:$B$22
Name Jornal: '[4]Mano de Obra'!$A$2:$B$25
Name LISTA_EQ: [7]Equipos!$A$2:$A$79
Name LISTA_EQ: [8]Equipos!$A$2:$A$79
Name LISTA_HE: [7]Herramienta!$A$2:$A$5
Name LISTA_HE: [8]Herramienta!$A$2:$A$5
Name LISTA_MA: [7]Materiales!$A$2:$A$1377
Name LISTA_MA: [8]Materiales!$A$2:$A$1377
Name LISTA_MO: '[7]Mano de Obra'!$A$2:$A$43
Name LISTA_MO: '[8]Mano de Obra'!$A$2:$A$43
Name LISTA_OT: [7]Otros!$A$2:$A$70
Name LISTA_OT: [8]Otros!$A$2:$A$70
Name mat: [9]Materiales!$A$2:$C$351
Name mat: [4]Materiales!$A$2:$C$355
Name Materiales: [9]Materiales!$A$2:$A$351
Name Materiales: [4]Materiales!$A$2:$A$355
Name PC: '[2]Tabla de Comprobantes'!$E$3:$E$14
Name PC: '[3]Tabla de Comprobantes'!$E$3:$E$14

Sheet Desglose
A1: CÓDIGO | B1: DESCRIPCIÓN | C1: UNIDAD | D1: CANTIDAD | E1: PRECIO PESO | F1: TOTAL
A2: 1 | B2: MANO DE OBRA, HERRAMIENTAS Y EQUIPOS
A3: 1.1 | B3: DESMONTES Y DEMOLICIONES | F3: =1 * (F4+F5) -> 4316960.2
A4: 1.1.1 | B4: Retiro de cubierta en teja de barro, teja de fibrocemento o teja similar. Incluye estructura, cargue, transporte y botada de material, recuperación de los materiales aprovechables o su transporte hasta el sitio que lo indique la interventoría, medido a lo largo de la pendiente. | C4: M2 | D4: 102.5 | E4: =+'Análisis de precios unitarios'!F28 -> 41285.81 | F4: =D4*E4 -> 4231795.5
A5: 1.1.2 | B5: Retiro de canoas y bajantes existentes, incluye cargue transporte y botada de material, en un sitio indicado por el municipio | C5: m | D5: 11 | E5: =+'Análisis de precios unitarios'!F57 -> 7742.24 | F5: =D5*E5 -> 85164.64
A6: 1.2 | B6: EXCAVACIONES Y LLENOS | F6: =1 * (F7) -> 641338.73
A7: 1.2.1 | B7: Retiro de material sobrante cargue manual | C7: M3 | D7: 6 | E7: =+'Análisis de precios unitarios'!F87 -> 106889.79 | F7: =D7*E7 -> 641338.73
A8: 1.3 | B8: ELEMENTOS DE CONCRETO Y ACERO | F8: =1 * (F9) -> 1489438.4
A9: 1.3.1 | B9: Mortero de nivelacion, e=0,05 m. Incluye formaleta y todos los elementos necesarios para su correcta ejecución y funcionamiento. | C9: m2 | D9: 51.48 | E9: =+'Análisis de precios unitarios'!F118 -> 28932.37 | F9: =D9*E9 -> 1489438.4
A10: 1.4 | B10: PISOS Y ENCHAPES | F10: =1 * (F11) -> 1484237.4
A11: 1.4.1 | B11: Cerámica para muros, pisos y demás sitios donde se requiera | C11: M2 | D11: 51.48 | E11: =+'Análisis de precios unitarios'!F150 -> 28831.34 | F11: =D11*E11 -> 1484237.4
A12: 1.5 | B12: PINTURAS | F12: =1 * (F13+F14) -> 8981495
A13: 1.5.1 | B13: Pintura y resane vinilo | C13: M2 | D13: 390 | E13: =+'Análisis de precios unitarios'!F180 -> 16359.625 | F13: =D13*E13 -> 6380253.8
A14: 1.5.2 | B14: Pintura con esmalte | C14: M2 | D14: 125 | E14: =+'Análisis de precios unitarios'!F211 -> 20809.93 | F14: =D14*E14 -> 2601241.3
A15: 1.6 | B15: CUBIERTAS | F15: =1 * (F16+F17+F18+F19+F20) -> 20497732
A16: 1.6.1 | B16: Techo en teja ondulada de fibrocemento | C16: M2 | D16: 185 | E16: =+'Análisis de precios unitarios'!F243 -> 43849.89 | F16: =D16*E16 -> 8112229.6
A17: 1.6.2 | B17: Caballete teja ondulada fibrocemento fijo l = 0,873 m | C17: M | D17: 22 | E17: =+'Análisis de precios unitarios'!F275 -> 35200.5 | F17: =D17*E17 -> 774411
A18: 1.6.3 | B18: Correa metálica de 4 - 8 m, incluye templetes, anticorrosivo y pintura | C18: M | D18: 170 | E18: =+'Análisis de precios unitarios'!F306 -> 33907.291 | F18: =D18*E18 -> 5764239.4
A19: 1.6.4 | B19: Cercha metálica de 5 - 12 m, incluye los elementos necesarios para su correcta construcción | C19: M | D19: 14 | E19: =+'Análisis de precios unitarios'!F337 -> 175675.6 | F19: =D19*E19 -> 2459458.4
A20: 1.6.5 | B20: colocación de CANOA EN "U" en lamina, desarrollo 0.40 a 0,50m. Incluye embudos en el mismo material de la canoa, soportes, tornillos autoperforantes, anticorrosivo epóxico por ambas caras, acabado con esmalte en la cara inferior a la vista y todos los elementos necesarios para su correcta instalación y funcionamiento. | C20: M | D20: 44 | E20: =+'Análisis de precios unitarios'!F370 -> 76986.206 | F20: =D20*E20 -> 3387393.1
A21: COSTO DIRECTO | F21: =SUM(F3:F20)/2 -> 37411201
A22: ADMINISTRACIÒN | E22: =+'CALCULO AU (2)'!H55 -> 0.079905213 | F22: =+F21*E22 -> 2989350
A23: TOTAL | F23: =+F21+F22 -> 40400551
A24: Aporte Municipio | F24: 39858000
A25: Aporte OAC | F25: =+F23-F24 -> 542551.23

Sheet Análisis de precios unitarios
A1: CÓDIGO | B1: 1.1.1 | E1: UNIDAD | F1: M2
A2: DESCRIPCIÓN | B2: Retiro de cubierta en teja de barro, teja de fibrocemento o teja similar. Incluye estructura, cargue, transporte y botada de material, recuperación de los materiales aprovechables o su transporte hasta el sitio que lo indique la interventoría, medido a lo largo de la pendiente.
A4: CÓDIGO | B4: DESCRIPCIÓN | C4: UNIDAD | D4: CANTIDAD | E4: PRECIO | F4: TOTAL
A6: 1 - Mano de Obra
A7: MOB005 | B7: Cuadrilla A 1 Of + 4 Ay (jornal + prestaciones) | C7: Día | D7: 0.07 | E7: 526043 | F7: =D7*E7 -> 36823.01
E8: TOTAL 1 | F8: =F7 -> 36823.01
A10: 2 - Equipos
A11: 1 - % Mano de Obra | B11: Herramienta menor | C11: % | F11: 1841.15
A12: EQU0061 | B12: Andamio (% mano obra) | C12: %MO | D12: 780.5 | E12: 1 | F12: =D12*E12 -> 780.5
E13: TOTAL 2 | F13: =F11+F12 -> 2621.65
A15: 3 - Materiales
E17: TOTAL 3 | F17: =0 -> 0
A19: 4 - Subcontratos
E21: TOTAL 4 | F21: =0 -> 0
A23: 5 - Otros
A24: 2 - % Mano de Obra | B24: Acarreo interno | C24: % | F24: 1841.15
E25: TOTAL 5 | F25: =F24 -> 1841.15
E28: COSTO DIRECTO | F28: =F8+F13+F17+F21+F25 -> 41285.81
A31: CÓDIGO | B31: 1.1.2 | E31: UNIDAD | F31: m
A32: DESCRIPCIÓN | B32: Retiro de canoas y bajantes existentes, incluye cargue transporte y botada de material, en un sitio indicado por el municipio
A34: CÓDIGO | B34: DESCRIPCIÓN | C34: UNIDAD | D34: CANTIDAD | E34: PRECIO | F34: TOTAL
A36: 1 - Mano de Obra
A37: MOB003 | B37: Ayudante (jornal + prestaciones) | C37: Día | D37: 0.08 | E37: 87980 | F37: =D37*E37 -> 7038.4
E38: TOTAL 1 | F38: =F37 -> 7038.4
A40: 2 - Equipos
A41: 1 - % Mano de Obra | B41: Herramienta menor | C41: % | F41: 351.92
E42: TOTAL 2 | F42: =F41 -> 351.92
A44: 3 - Materiales
E46: TOTAL 3 | F46: =0 -> 0
A48: 4 - Subcontratos
E50: TOTAL 4 | F50: =0 -> 0
A52: 5 - Otros
A53: 2 - % Mano de Obra | B53: Acarreo interno | C53: % | F53: 351.92
E54: TOTAL 5 | F54: =F53 -> 351.92
E57: COSTO DIRECTO | F57: =F38+F42+F46+F50+F54 -> 7742.24
A60: CÓDIGO | B60: 1.2.1 | E60: UNIDAD | F60: M3
A61: DESCRIPCIÓN | B61: Retiro de material sobrante cargue manual
A63: CÓDIGO | B63: DESCRIPCIÓN | C63: UNIDAD | D63: CANTIDAD | E63: PRECIO | F63: TOTAL
A65: 1 - Mano de Obra
A66: MOB018 | B66: Cuadrilla H 4 Ay (jornal + prestaciones) | C66: Día | D66: 0.0714 | E66: 351920 | F66: =D66*E66 -> 25127.088
E67: TOTAL 1 | F67: =F66 -> 25127.088
A69: 2 - Equipos
A70: 1 - % Mano de Obra | B70: Herramienta menor | C70: % | F70: 1256.35
E71: TOTAL 2 | F71: =F70 -> 1256.35
A73: 3 - Materiales
E75: TOTAL 3 | F75: =0 -> 0
A77: 4 - Subcontratos
A78: G-03-011375 | B78: Transporte material (corte, sub-base, base, afirmado, Petreos, arenas, etc) | C78: M3-Km | D78: 15 | E78: 5000 | F78: =D78*E78 -> 75000
E79: TOTAL 4 | F79: =F78 -> 75000
A81: 5 - Otros
A82: 2 - % Mano de Obra | B82: Acarreo interno | C82: % | F82: 1256.35
A83: G-03-052500 | B83: Disposición en botadero | C83: M3 | D83: 1 | E83: 4250 | F83: =D83*E83 -> 4250
E84: TOTAL 5 | F84: =F82+F83 -> 5506.35
E87: COSTO DIRECTO | F87: =F67+F71+F75+F79+F84 -> 106889.79
A90: CÓDIGO | B90: 1.3.1 | E90: UNIDAD | F90: m2
A91: DESCRIPCIÓN | B91: Mortero de nivelacion, e=0,05 m. Incluye formaleta y todos los elementos necesarios para su correcta ejecución y funcionamiento.
A93: CÓDIGO | B93: DESCRIPCIÓN | C93: UNIDAD | D93: CANTIDAD | E93: PRECIO | F93: TOTAL
A95: 1 - Mano de Obra
A96: MOB005 | B96: Cuadrilla A 1 Of + 4 Ay (jornal + prestaciones) | C96: Día | D96: 0.05 | E96: 526043 | F96: =D96*E96 -> 26302.15
E97: TOTAL 1 | F97: =F96 -> 26302.15
A99: 2 - Equipos
A100: 1 - % Mano de Obra | B100: Herramienta menor | C100: % | F100: 1315.11
E101: TOTAL 2 | F101: =F100 -> 1315.11
A103: 3 - Materiales
A104: MAT,027 | B104: Agua | C104: Lt | D104: 11.33 | E104: 0 | F104: =D104*E104 -> 0
A105: MAT,040 | B105: Arena | C105: M3 | D105: 0.0618 | E105: 0 | F105: =D105*E105 -> 0
A106: MAT,068 | B106: Cemento gris saco por 50 kilos, incluye cargue, descargue y transporte | C106: Sc | D106: 0.4635 | E106: 0 | F106: =D106*E106 -> 0
E107: TOTAL 3 | F107: =F104+F105+F106 -> 0
A109: 4 - Subcontratos
E111: TOTAL 4 | F111: =0 -> 0
A113: 5 - Otros
A114: 2 - % Mano de Obra | B114: Acarreo interno | C114: % | F114: 1315.11
E115: TOTAL 5 | F115: =F114 -> 1315.11
E118: COSTO DIRECTO | F118: =F97+F101+F107+F111+F115 -> 28932.37
A121: CÓDIGO | B121: 1.4.1 | E121: UNIDAD | F121: M2
A122: DESCRIPCIÓN | B122: Cerámica para muros, pisos y demás sitios donde se requiera
A124: CÓDIGO | B124: DESCRIPCIÓN | C124: UNIDAD | D124: CANTIDAD | E124: PRECIO | F124: TOTAL
A126: 1 - Mano de Obra
A127: MOB015 | B127: Cuadrilla E 1 Of + 1 Ay (jornal + prestaciones) | C127: Día | D127: 0.1 | E127: 262103 | F127: =D127*E127 -> 26210.3
E128: TOTAL 1 | F128: =F127 -> 26210.3
A130: 2 - Equipos
A131: 1 - % Mano de Obra | B131: Herramienta menor | C131: % | F131: 1310.52
E132: TOTAL 2 | F132: =F131 -> 1310.52
A134: 3 - Materiales
A135: MAT,055 | B135: Boquilla para enchape | C135: Kg | D135: 0.2625 | E135: 0 | F135: =D135*E135 -> 0
A136: MAT,067 | B136: Pegacor | C136: Kg | D136: 2.1 | E136: 0 | F136: =D136*E136 -> 0
A137: MAT,075 | B137: Cerámica | C137: M2 | D137: 1.1 | E137: 0 | F137: =D137*E137 -> 0
A138: MAT,141 | B138: Fijador de cerámica | C138: Kg | D138: 4.2 | E138: 0 | F138: =D138*E138 -> 0
E139: TOTAL 3 | F139: =F135+F136+F137+F138 -> 0
A141: 4 - Subcontratos
E143: TOTAL 4 | F143: =0 -> 0
A145: 5 - Otros
A146: 2 - % Mano de Obra | B146: Acarreo interno | C146: % | F146: 1310.52
E147: TOTAL 5 | F147: =F146 -> 1310.52
E150: COSTO DIRECTO | F150: =F128+F132+F139+F143+F147 -> 28831.34
A153: CÓDIGO | B153: 1.5.1 | E153: UNIDAD | F153: M2
A154: DESCRIPCIÓN | B154: Pintura y resane vinilo
A156: CÓDIGO | B156: DESCRIPCIÓN | C156: UNIDAD | D156: CANTIDAD | E156: PRECIO | F156: TOTAL
A158: 1 - Mano de Obra
A159: MOB015 | B159: Cuadrilla E 1 Of + 1 Ay (jornal + prestaciones) | C159: Día | D159: 0.055 | E159: 262103 | F159: =D159*E159 -> 14415.665
...

Sheet CALCULO AU (2)
A1: Municipio de Santa Fe de Antioquia
A2: SECRETARÍA DE INFRAESTRUCTURA
A5: COMPOSICION DEL PORCENTAJE DE ADMINISTRACION Y UTILIDAD
A6: COSTO DIRECTO DEL PROYECTO | C6: =+Desglose!F21 -> 37411201 | F6: A | G6: =+C6*H55 -> 2989350
A7: DURACION DEL PROYECTO (MESES) | D7: 3
A8: I.V.A (sobre utilidad) | C8: 0 | F8: TOTAL PROYECTO (A) | G8: =C6+G6 -> 40400551
A9: DETALLE DE LOS COSTOS ADMINISTRATIVOS
A10: 1. PERSONAL POR ADMINISTRACION
A11: DESCRIPCION | C11: UNIDAD | D11: MESES | E11: CANT | F11: SAL. BASICO | G11: VR. TOTAL | H11: PORCENTAJE
A12: Ingeniero Director | C12: 1 | D12: 0 | E12: 0 | F12: 6000000 | G12: =+PRODUCT(C12,D12,E12,F12) -> 0 | H12: =+G12/$C$6 -> 0
A13: Ingeniero, constructor y/o arquitecto Residente | C13: 1 | D13: 0 | E13: 1 | F13: 5500000 | G13: =+PRODUCT(C13,D13,E13,F13) -> 0 | H13: =+G13/$C$6 -> 0
A14: Tecnólogo | C14: 1 | D14: 0 | E14: 0 | F14: 2800000 | G14: =+PRODUCT(C14,D14,E14,F14) -> 0 | H14: =+G14/$C$6 -> 0
A15: Encargados de obra | C15: 1 | D15: 0 | E15: 0.2 | F15: 2500000 | G15: =+PRODUCT(C15,D15,E15,F15) -> 0 | H15: =+G15/$C$6 -> 0
A16: Profesional en Seguridad Industrial | C16: 1 | D16: 0 | E16: 0 | F16: 1700000 | G16: =+PRODUCT(C16,D16,E16,F16) -> 0 | H16: =+G16/$C$6 -> 0
A17: Social | C17: 1 | D17: 0 | E17: 1 | F17: 5000000 | G17: =+PRODUCT(C17,D17,E17,F17) -> 0 | H17: =+G17/$C$6 -> 0
A18: Secretaria | C18: 1 | D18: 0 | E18: 0 | F18: 1000000 | G18: =+PRODUCT(C18,D18,E18,F18) -> 0 | H18: =+G18/$C$6 -> 0
A19: Celaduria | C19: 1 | D19: 0 | E19: 0 | F19: 1550000 | G19: =+PRODUCT(C19,D19,E19,F19) -> 0 | H19: =+G19/$C$6 -> 0
A20: Almacenista | C20: 1 | D20: 0 | E20: 0 | F20: 1300000 | G20: =+PRODUCT(C20,D20,E20,F20) -> 0 | H20: =+G20/$C$6 -> 0
A21: TOTAL PERSONAL ADMINISTRATIVO | G21: =SUM(G12:G20) -> 0 | H21: =SUM(H12:H20) -> 0
A22: 2. GASTOS GENERALES
A23: DESCRIPCION | C23: UNIDAD | D23: CANTIDAD | E23: MESES | F23: TARIFA | G23: VR. TOTAL | H23: PORCENTAJE
A24: Servicios publicos | C24: MES | D24: 0 | E24: 0 | F24: 0 | G24: =E24*F24 -> 0 | H24: =+G24/$C$6 -> 0
A25: Plan de gestión de implementación de obra | C25: MES | D25: 0 | E25: 0 | F25: 0 | G25: =E25*F25 -> 0 | H25: =+G25/$C$6 -> 0
A26: Oficina principal | C26: MES | D26: 0 | E26: 0 | F26: 0 | G26: =E26*F26 -> 0 | H26: =+G26/$C$6 -> 0
A27: Papeleria e informes | C27: MES | D27: 0 | E27: 0 | F27: 150000 | G27: =E27*F27 -> 0 | H27: =+G27/$C$6 -> 0
A28: Equipos de computo | C28: MES | D28: 0 | E28: 0 | F28: 200000 | G28: =E28*F28 -> 0 | H28: =+G28/$C$6 -> 0
A29: Equipos de comunicación | C29: MES | D29: 0 | E29: 0 | F29: 0 | G29: =E29*F29 -> 0 | H29: =+G29/$C$6 -> 0
A30: Transporte personal a obra | C30: MES | D30: 0 | E30: 0 | F30: 0 | G30: =E30*F30 -> 0 | H30: =+G30/$C$6 -> 0
A31: Plan Ambiental, Seguridad y Transito | C31: MES | D31: 0 | E31: 0 | F31: 0 | G31: =E31*F31 -> 0 | H31: =+G31/$C$6 -> 0
A32: Póliza | C32: MES | D32: 0 | E32: 0 | F32: =+$C$6*1.01% -> 377853.13 | G32: =E32*F32 -> 0 | H32: =+G32/$C$6 -> 0
A33: TOTAL GASTOS GENERALES | G33: =SUM(G24:G32) -> 0 | H33: =SUM(H24:H32) -> 0
A34: 3. GASTOS LEGALES, JURIDICOS Y TRIBUTARIOS
A35: DESCRIPCION | C35: UNIDAD | D35: CANTIDAD | E35: MESES | F35: TARIFA | G35: VR. TOTAL | H35: PORCENTAJE
A36: Impuesto de contribución especial 5% | C36: UNIDAD | D36: 1 | F36: 0.05 | G36: =39858000*F36 -> 1992900 | H36: =+G36/$C$6 -> 0.053270142
A37: Estampilla Pro Cultura | B37: Estampilla Pro Cultura | C37: UNIDAD | D37: 1 | F37: 0 | G37: =+$C$6*F37 -> 0 | H37: =+G37/$C$6 -> 0
A38: Estampilla Adulto Mayor | B38: Estampilla Pro Cultura | C38: UNIDAD | D38: 1 | F38: 0 | G38: =+$C$6*F38 -> 0 | H38: =+G38/$C$6 -> 0
A39: Estampilla Justicia familiar | B39: Estampilla Pro Cultura | C39: UNIDAD | D39: 1 | F39: 0 | G39: =+$C$6*F39 -> 0 | H39: =+G39/$C$6 -> 0
A40: Estampilla Hospital | C40: UNIDAD | D40: 1 | F40: 0 | G40: =+$C$6*F40 -> 0 | H40: =+G40/$C$6 -> 0
A41: Estampilla Pro deporte y recreacion | C41: UNIDAD | D41: 1 | F41: 0.025 | G41: =39858000*F41 -> 996450 | H41: =+G41/$C$6 -> 0.026635071
A42: TOTAL GASTOS GENERALES | G42: =SUM(G36:G41) -> 2989350 | H42: =SUM(H36:H41) -> 0.079905213
A43: RESUMEN DE LOS COSTOS POR ADMINISTRACION
A44: DESCRIPCION | G44: TOTALES | H44: PORCENTAJE
A45: Personal por Administración | G45: =G21 -> 0 | H45: =+H21 -> 0
A46: Gastos generales | G46: =+G33 -> 0 | H46: =+H33 -> 0
A47: Gastos legales, juridicos y tributarios | G47: =+G42 -> 2989350 | H47: =+H42 -> 0.079905213
A48: TOTAL GASTOS POR ADMINISTRACION | G48: =SUM(G45:G47) -> 2989350 | H48: =SUM(H45:H47) -> 0.079905213
A50: COMPOSICION DE PORCENTAJES DE ADMINISTRACION, IMPREVISTOS Y UTILIDADES
A51: DESCRIPCION | G51: TOTALES | H51: PORCENTAJE
A52: Administración | G52: =+G48 -> 2989350 | H52: =(+H48) -> 0.079905213 | J52: 0.26699669
A53: Imprevisto
A54: Utilidad | G54: =+H54*C6 -> 0 | H54: 0
A55: TOTAL A.I.U | G55: =SUM(G52:G54) -> 2989350 | H55: =SUM(H52:H54) -> 0.079905213
